ESL (28 & UNDER)
MT PLEASANT BEARCATS @ PENQUANNOCK OVERRATED JETER
08/21/2027
 
TOP OF THE 1ST
Mt Pleasant Bearcats batting - Pitching for Penquannock Overrated Jeter : RHP Richard Edwards
Pitching: RHP Richard Edwards
Batting: RHB Jeffrey Hicks 0-0: Ball
1-0: Called Strike
1-1: SINGLE (Groundball, 6MD)
Batting: RHB Ryosei Yamamoto 0-0: Ball
1-0: Ball
2-0: Ball
3-0: Hit by Pitch
Jeffrey Hicks to second
Batting: RHB Juan Trujillo 0-0: Called Strike
0-1: Ball
1-1: Ball
2-1: Swinging Strike
2-2: Strikes out looking
Batting: SHB Roberto Rivera 0-0: Ball
1-0: Ball
2-0: SINGLE (Line Drive, 6)
Jeffrey Hicks to third
Ryosei Yamamoto to second
Runner from 3rd tries for Home, SAFE, no throw
Batting: RHB Jim Beck 0-0: Fielders Choice at 2nd, 5-4 (Groundball, 56)
Ryosei Yamamoto to third
Batting: RHB Irving Galloway 0-0: Called Strike
0-1: Ball
1-1: DOUBLE (Line Drive, 7LM)
Ryosei Yamamoto scores
Jim Beck to third
Batting: RHB Tom Hicks 0-0: Ball
Wild Pitch!
Jim Beck scores
Irving Galloway to third
1-0: Swinging Strike
1-1: Swinging Strike
1-2: Ball
2-2: Ball
3-2: Foul Ball, location: 2F
3-2: Foul Ball, location: 2F
3-2: Strikes out looking
Top of the 1st over - 3 run(s), 3 hit(s), 0 error(s), 1 left on base; Mt Pleasant 3 - Penquannock 0
BOTTOM OF THE 1ST
Penquannock Overrated Jeter batting - Pitching for Mt Pleasant Bearcats : LHP Rob Price
Pitching: LHP Rob Price
Batting: RHB António Rodríguez 0-0: Ball
1-0: Called Strike
1-1: Foul Ball, location: 2F
1-2: Ball
2-2: Strikes out swinging
Batting: RHB Doug Brown 0-0: Called Strike
0-1: Foul Ball, location: 2F
0-2: Strikes out swinging
Batting: RHB José Velásquez 0-0: Called Strike
0-1: Called Strike
0-2: Ground out 1-3 (Groundball, 13)
Bottom of the 1st over - 0 run(s), 0 hit(s), 0 error(s), 0 left on base; Mt Pleasant 3 - Penquannock 0
TOP OF THE 2ND
Mt Pleasant Bearcats batting - Pitching for Penquannock Overrated Jeter : RHP Richard Edwards
Batting: SHB Juan Carlos González 0-0: Ball
1-0: Fly out, F3 (Popup, 3S)
Batting: RHB Yasutoki Kojima 0-0: Ball
1-0: Swinging Strike
1-1: Foul Ball, location: 2F
1-2: Strikes out swinging
Batting: RHB Jeffrey Hicks 0-0: Foul Ball, location: 2F
0-1: SINGLE (Groundball, 6MD)
Batting: RHB Ryosei Yamamoto 0-0: Fielders Choice at 2nd, 6-4 (Groundball, 6)
Top of the 2nd over - 0 run(s), 1 hit(s), 0 error(s), 0 left on base; Mt Pleasant 3 - Penquannock 0
BOTTOM OF THE 2ND
Penquannock Overrated Jeter batting - Pitching for Mt Pleasant Bearcats : LHP Rob Price
Batting: LHB Pete Weber 0-0: Ball
1-0: Called Strike
1-1: Called Strike
1-2: Strikes out swinging
Batting: LHB Tony Green 0-0: Ball
1-0: Ball
2-0: Foul Ball, location: 2F
2-1: Fly out, F6 (Line Drive, 6)
Batting: RHB Manny Perea 0-0: Ball
1-0: Ground out 6-3 (Groundball, 56)
Bottom of the 2nd over - 0 run(s), 0 hit(s), 0 error(s), 0 left on base; Mt Pleasant 3 - Penquannock 0
TOP OF THE 3RD
Mt Pleasant Bearcats batting - Pitching for Penquannock Overrated Jeter : RHP Richard Edwards
Batting: RHB Juan Trujillo 0-0: Ball
1-0: Called Strike
1-1: Ball
2-1: Foul Ball, location: 2F
2-2: Ball
3-2: Ground out 4-3 (Groundball, 4)
Pitching: RHP John Kelly
Batting: SHB Roberto Rivera 0-0: Called Strike
0-1: Ball
1-1: Foul Ball, location: 2F
1-2: Foul Ball, location: 2F
1-2: Ball
2-2: Foul Ball, location: 2F
2-2: Strikes out swinging
Batting: RHB Jim Beck 0-0: Ball
1-0: Ball
2-0: Swinging Strike
2-1: Fly out, F9 (Flyball, 9LSF)
Top of the 3rd over - 0 run(s), 0 hit(s), 0 error(s), 0 left on base; Mt Pleasant 3 - Penquannock 0
BOTTOM OF THE 3RD
Penquannock Overrated Jeter batting - Pitching for Mt Pleasant Bearcats : LHP Rob Price
Batting: RHB Armando Pagán 0-0: Ball
1-0: Ball
2-0: Called Strike
2-1: Ball
3-1: Base on Balls
Batting: RHB Barton Frazier 0-0: Ball
1-0: Ball
2-0: Swinging Strike
2-1: Foul Ball, location: 2F
2-2: Ball
3-2: Base on Balls
Armando Pagán to second
Batting: LHB Matt Reese 0-0: Ball
1-0: Foul Ball, location: 2F
1-1: Ball
2-1: Ball
3-1: SINGLE (Flyball, 78S)
Armando Pagán to third
Barton Frazier to second
Batting: RHB António Rodríguez 0-0: Ball
Wild Pitch!
Armando Pagán scores
Barton Frazier to third
Matt Reese to second
1-0: Fly out, F7 (Flyball, 78M)
Runner from 3rd tags up, SCORES, throw made
Batting: RHB Doug Brown 0-0: Foul Ball, location: 2F
0-1: SINGLE (Line Drive, 8LS)
Matt Reese to third
Batting: RHB José Velásquez 0-0: Ball
1-0: DOUBLE (Line Drive, 7LD)
Matt Reese scores
Doug Brown to third
Batting: LHB Pete Weber 0-0: Ball
1-0: Ball
2-0: Called Strike
2-1: Foul Ball, location: 2F
2-2: Ball
3-2: Reached on error, E1 (Groundball, 13S)
Doug Brown scores
José Velásquez scores
Batting: LHB Tony Green 0-0: Ball
1-0: Foul Ball, location: 2F
1-1: Ball
2-1: Fly out, F7 (Flyball, 7D)
Runner from 2nd tags up, SAFE at 3rd, no throw
Batting: RHB Manny Perea 0-0: Foul Ball, location: 2F
0-1: Ball
1-1: Fly out, F7 (Flyball, 7D)
Bottom of the 3rd over - 5 run(s), 3 hit(s), 1 error(s), 1 left on base; Mt Pleasant 3 - Penquannock 5
TOP OF THE 4TH
Mt Pleasant Bearcats batting - Pitching for Penquannock Overrated Jeter : RHP John Kelly
Batting: RHB Irving Galloway 0-0: Foul Ball, location: 2F
0-1: Ball
1-1: Called Strike
1-2: Foul Ball, location: 2F
1-2: Foul Ball, location: 2F
1-2: Foul Ball, location: 2F
1-2: Strikes out swinging
Batting: RHB Tom Hicks 0-0: Fly out, F6 (Popup, 56D)
Batting: SHB Juan Carlos González 0-0: SINGLE (Line Drive, 89M)
Batting: RHB Yasutoki Kojima 0-0: Swinging Strike
0-1: Ball
1-1: Foul Ball, location: 2F
1-2: Foul Ball, location: 2F
1-2: SINGLE (Line Drive, 6M)
Juan Carlos González to second
Batting: RHB Jeffrey Hicks 0-0: Ball
1-0: Swinging Strike
1-1: Ground out 3-1 (Groundball, 34)
Top of the 4th over - 0 run(s), 2 hit(s), 0 error(s), 2 left on base; Mt Pleasant 3 - Penquannock 5
BOTTOM OF THE 4TH
Penquannock Overrated Jeter batting - Pitching for Mt Pleasant Bearcats : LHP Rob Price
Batting: RHB Armando Pagán 0-0: Ball
1-0: Called Strike
1-1: Swinging Strike
1-2: DOUBLE (Flyball, 89D)
Batting: RHB Barton Frazier 0-0: Ball
1-0: Called Strike
1-1: Called Strike
1-2: Ground out 6-3 (Groundball, 6)
Batting: LHB Matt Reese 0-0: Ball
Armando Pagán steals 3rd base
1-0: Ground out 1-3 (Groundball, 15)
Batting: RHB António Rodríguez 0-0: Ball
1-0: Foul Ball, location: 2F
1-1: Ball
2-1: Ground out 1-3 (Groundball, 13)
Bottom of the 4th over - 0 run(s), 1 hit(s), 0 error(s), 1 left on base; Mt Pleasant 3 - Penquannock 5
TOP OF THE 5TH
Mt Pleasant Bearcats batting - Pitching for Penquannock Overrated Jeter : RHP John Kelly
Batting: RHB Ryosei Yamamoto 0-0: Ball
1-0: Called Strike
1-1: Ball
2-1: Fly out, F8 (Flyball, 8RS)
Batting: RHB Juan Trujillo 0-0: Ball
1-0: Called Strike
1-1: Ball
2-1: Ground out 6-3 (Groundball, 56)
Batting: SHB Roberto Rivera 0-0: Ball
1-0: Ball
2-0: Called Strike
2-1: Fly out, F7 (Flyball, 7LD)
Top of the 5th over - 0 run(s), 0 hit(s), 0 error(s), 0 left on base; Mt Pleasant 3 - Penquannock 5
BOTTOM OF THE 5TH
Penquannock Overrated Jeter batting - Pitching for Mt Pleasant Bearcats : LHP Rob Price
Batting: RHB Doug Brown 0-0: Fly out, F7 (Line Drive, 78M)
Batting: RHB José Velásquez 0-0: Called Strike
0-1: Ball
1-1: Foul Ball, location: 2F
1-2: Ball
2-2: Ball
3-2: Ground out 1-3 (Groundball, P)
Batting: LHB Pete Weber 0-0: Ball
1-0: Ball
2-0: SINGLE (Groundball, 4S) (infield hit)
Batting: LHB Tony Green 0-0: Ball
1-0: Called Strike
1-1: SINGLE (Line Drive, 6MD)
Pete Weber to second
Batting: RHB Manny Perea 0-0: Ball
1-0: Fielders Choice at 2nd, 6-4 (Groundball, 6)
Bottom of the 5th over - 0 run(s), 2 hit(s), 0 error(s), 1 left on base; Mt Pleasant 3 - Penquannock 5
TOP OF THE 6TH
Mt Pleasant Bearcats batting - Pitching for Penquannock Overrated Jeter : RHP John Kelly
Batting: RHB Jim Beck 0-0: Called Strike
0-1: Swinging Strike
0-2: Ball
1-2: Ball
2-2: Strikes out swinging
Batting: RHB Irving Galloway 0-0: Ball
1-0: Ball
2-0: Ground out 5-3 (Groundball, 56)
Pitching: LHP Héctor Díaz
Batting: RHB Tom Hicks 0-0: Ball
1-0: Fly out, F7 (Line Drive, 7)
Top of the 6th over - 0 run(s), 0 hit(s), 0 error(s), 0 left on base; Mt Pleasant 3 - Penquannock 5
BOTTOM OF THE 6TH
Penquannock Overrated Jeter batting - Pitching for Mt Pleasant Bearcats : LHP Rob Price
Batting: RHB Armando Pagán 0-0: Called Strike
0-1: Ball
1-1: Fly out, F9 (Flyball, 89S)
Batting: RHB Barton Frazier 0-0: Called Strike
0-1: Ball
1-1: Foul Ball, location: 2F
1-2: Ball
2-2: Foul Ball, location: 2F
2-2: Ground out 1-3 (Groundball, 13)
Batting: LHB Matt Reese 0-0: Called Strike
0-1: Swinging Strike
0-2: Ball
1-2: Strikes out swinging
Bottom of the 6th over - 0 run(s), 0 hit(s), 0 error(s), 0 left on base; Mt Pleasant 3 - Penquannock 5
TOP OF THE 7TH
Mt Pleasant Bearcats batting - Pitching for Penquannock Overrated Jeter : LHP Héctor Díaz
Batting: SHB Juan Carlos González 0-0: Ball
1-0: Called Strike
1-1: Called Strike
1-2: Foul Ball, location: 2F
1-2: Strikes out swinging
Batting: RHB Yasutoki Kojima 0-0: Called Strike
0-1: Ground out 3-1 (Groundball, 34)
Batting: RHB Jeffrey Hicks 0-0: Ball
1-0: Foul Ball, location: 2F
1-1: Ball
2-1: Ground out 6-3 (Groundball, 6M)
Top of the 7th over - 0 run(s), 0 hit(s), 0 error(s), 0 left on base; Mt Pleasant 3 - Penquannock 5
BOTTOM OF THE 7TH
Penquannock Overrated Jeter batting - Pitching for Mt Pleasant Bearcats : LHP Rob Price
Pitching: RHP Carlos Mendoza
Batting: RHB António Rodríguez 0-0: Foul Ball, location: 2F
0-1: Called Strike
0-2: Ball
1-2: Foul Ball, location: 2F
1-2: SINGLE (Groundball, 13S) (infield hit)
Batting: RHB Doug Brown 0-0: Sac Bunt - play at first, batter OUT! 1-3
António Rodríguez to second
Batting: RHB José Velásquez 0-0: Ground out 6-3 (Groundball, 6)
Batting: LHB Pete Weber 0-0: Called Strike
0-1: Ball
1-1: DOUBLE (Line Drive, 5D)
António Rodríguez scores
Batting: LHB Tony Green 0-0: Called Strike
0-1: Ground out 5-3 (Groundball, 56)
Bottom of the 7th over - 1 run(s), 2 hit(s), 0 error(s), 1 left on base; Mt Pleasant 3 - Penquannock 6
TOP OF THE 8TH
Mt Pleasant Bearcats batting - Pitching for Penquannock Overrated Jeter : LHP Héctor Díaz
Batting: RHB Ryosei Yamamoto 0-0: Ball
1-0: Called Strike
1-1: Ground out 5-3 (Groundball, 56S)
Batting: RHB Juan Trujillo 0-0: Foul Ball, location: 2F
0-1: Swinging Strike
0-2: Strikes out swinging
Batting: SHB Roberto Rivera 0-0: Swinging Strike
0-1: Foul Ball, location: 2F
0-2: Strikes out swinging
Top of the 8th over - 0 run(s), 0 hit(s), 0 error(s), 0 left on base; Mt Pleasant 3 - Penquannock 6
BOTTOM OF THE 8TH
Penquannock Overrated Jeter batting - Pitching for Mt Pleasant Bearcats : RHP Carlos Mendoza
Batting: RHB Manny Perea 0-0: Swinging Strike
0-1: Foul Ball, location: 2F
0-2: SINGLE (Line Drive, 6MD)
Batting: RHB Armando Pagán 0-0: Sac Bunt - play at second, runner OUT! 1-6
Batting: RHB Barton Frazier 0-0: Called Strike
0-1: Called Strike
Armando Pagán steals 2nd base
0-2: Reached on error, E7 (Flyball, 7S)
Armando Pagán to third
Batting: LHB Matt Reese 0-0: Ball
1-0: 3-RUN HOME RUN (Flyball, 89XD), Distance : 401 ft
Pitching: RHP Brad White
Batting: RHB António Rodríguez 0-0: Ball
1-0: Called Strike
1-1: Foul Ball, location: 2F
1-2: Ball
2-2: SINGLE (Flyball, 89S)
Batting: RHB Doug Brown 0-0: Called Strike
0-1: Ball
1-1: Called Strike
1-2: Ball
2-2: SINGLE (Line Drive, 56)
António Rodríguez to second
Batting: RHB José Velásquez 0-0: Ball
1-0: Called Strike
1-1: Grounds into double play, 6-4-3 (Groundball, 6)
Bottom of the 8th over - 3 run(s), 4 hit(s), 1 error(s), 1 left on base; Mt Pleasant 3 - Penquannock 9
TOP OF THE 9TH
Mt Pleasant Bearcats batting - Pitching for Penquannock Overrated Jeter : LHP Héctor Díaz
Pitching: RHP Joaquín Rojas
Batting: RHB Jim Beck 0-0: Ball
1-0: Swinging Strike
1-1: SINGLE (Groundball, 3D)
Batting: RHB Irving Galloway 0-0: Called Strike
0-1: Ball
1-1: Swinging Strike
1-2: Strikes out looking
Batting: RHB Tom Hicks 0-0: Called Strike
0-1: Swinging Strike
0-2: Foul Ball, location: 2F
0-2: Strikes out swinging
Batting: SHB Juan Carlos González 0-0: Ball
1-0: Swinging Strike
1-1: Called Strike
1-2: Strikes out swinging
Top of the 9th over - 0 run(s), 1 hit(s), 0 error(s), 1 left on base; Mt Pleasant 3 - Penquannock 9
Thursday, March 30th, 2017 - OOTP Baseball 17.12 Build 75